[Event "Titled Tuesday Blitz March 07 Late 2023"]
[White "Howell, David W L"]
[Black "Kho, Darrell"]
[WhiteFideId "410608"]
[BlackFideId "1019317"]
[WhiteElo "2567"]
[BlackElo "2159"]
[Result "1-0"]
[Round "07"]
[TimeControl "180+2"]
[Date "2023.03.07"]
[WhiteClock "0:00:44"]
[BlackClock "0:00:01"]

1. e4 e6 2. d4 d5 3. Bd3 dxe4 4. Bxe4 Nf6 5. Bf3 Bd6 6. Ne2 O-O 7. c4 e5 8. Nbc3 exd4 9. Qxd4 c6 10. Bg5 Be7 11. O-O-O Qxd4 12. Nxd4 h6 13. Bh4 Re8 14. Rhe1 Na6 15. Bxf6 gxf6 16. Ne4 f5 17. Nf6+ Bxf6 18. Rxe8+ Kg7 19. b3 Nc7 20. Ree1 Be6 21. Nxe6+ Nxe6 22. Rd7 Nc5 23. Rdd1 Ne6 24. g3 Nd4 25. Bh5 Rd8 26. Rd3 c5 27. f4 b6 28. Rde3 Nc6 29. Rd1 Nd4 30. Rdd3 Rd6 31. Kd1 Rd8 32. Rd2 Rd6 33. Re8 Rd7 34. Ke1 Rd6 35. Kf2 Rd7 36. Rd3 Rd6 37. Rd1 Rd7 38. Rd2 Rd6 39. Rd3 Rd7 40. Ra8 Re7 41. Re3 Rd7 42. Ree8 Ne6 43. Rg8+ Kh7 44. Be2 Nc7 45. Rac8 Ne6 46. Rge8 Nd4 47. Bd3 Kg6 48. Rg8+ Kh5 49. Rc6 Ne6 50. Be2# 1-0


[Site "https://www.chess.com"]

[Event "Titled Tuesday Blitz March 07 Late 2023"]
[White "Winkels, Marcel"]
[Black "Comas Fabrego, Lluis"]
[WhiteFideId "1003887"]
[BlackFideId "2200325"]
[WhiteElo "1900"]
[BlackElo "2523"]
[Result "1-0"]
[Round "07"]
[TimeControl "180+2"]
[Date "2023.03.07"]
[WhiteClock "0:00:29"]
[BlackClock "0:00:12"]

1. e4 c5 2. Nf3 d6 3. d4 cxd4 4. Nxd4 Nf6 5. Nc3 g6 6. h3 Bg7 7. Be3 O-O 8. Qd2 Nc6 9. O-O-O Nxd4 10. Bxd4 Be6 11. Kb1 Qc7 12. g4 Rfc8 13. g5 Nd7 14. Bxg7 Kxg7 15. Bd3 Qa5 16. a3 Rab8 17. Nd5 Qxd2 18. Rxd2 Bxd5 19. exd5 Nb6 20. Be2 Rc5 21. Bf3 Rbc8 22. Re1 Kf8 23. Rde2 R8c7 24. Rd2 a5 25. h4 Nc4 26. Rde2 b5 27. Be4 b4 28. a4 Nb6 29. Rd1 Nxa4 30. f4 Nb6 31. h5 a4 32. f5 gxf5 33. Bxf5 Kg7 34. Be4 a3 35. Rf2 Nc4 36. b3 Ne5 37. h6+ Kg8 38. Rf4 Rc3 39. Bf5 Rg3 40. Rxb4 f6 41. Be6+ 1-0


[Site "https://www.chess.com"]

[Event "Titled Tuesday Blitz March 07 Late 2023"]
[White "Carlsen, Magnus"]
[Black "Martinez Alcantara, Jose Eduardo"]
[WhiteFideId "1503014"]
[BlackFideId "3805662"]
[WhiteElo "2852"]
[BlackElo "2712"]
[Result "1-0"]
[Round "08"]
[TimeControl "180+2"]
[Date "2023.03.07"]
[WhiteClock "0:00:08"]
[BlackClock "0:00:02"]

1. d4 Nf6 2. c4 e6 3. Nf3 Bb4+ 4. Nbd2 O-O 5. a3 Be7 6. e3 b6 7. Bd3 Bb7 8. O-O c5 9. e4 cxd4 10. e5 Ne8 11. Nxd4 d6 12. exd6 Nxd6 13. N2f3 Nd7 14. Bf4 Nc5 15. Be2 Rc8 16. Rc1 Nce4 17. Qa4 Nc5 18. Qc2 Be4 19. Qd1 Nf5 20. b4 Nxd4 21. Nxd4 Nd3 22. Bxd3 Qxd4 23. Bxe4 Qxe4 24. Be3 Rfd8 25. Qa4 Rc7 26. Rfd1 Rdc8 27. Qa6 Qb7 28. Qxb7 Rxb7 29. Kf1 f5 30. Ke2 Kf7 31. Rd3 Rbc7 32. g3 Ke8 33. Rdc3 e5 34. h4 Rc6 35. Kd3 Kf7 36. Ke2 Ke6 37. h5 a6 38. Bd2 g6 39. hxg6 hxg6 40. R3c2 R6c7 41. Be3 b5 42. c5 Rc6 43. Rh1 a5 44. Rh6 Kf7 45. Rd2 Bf8 46. Rh7+ Kg8 47. Rb7 axb4 48. axb4 Re8 49. Rd5 Ra6 50. Rxb5 f4 51. Bd2 Ra3 52. gxf4 exf4+ 53. Kd1 f3 54. c6 Ra1+ 55. Kc2 Ra2+ 56. Kb3 Ra7 57. Rb7 Ra6 58. c7 Rc6 59. Rb8 1-0


[Site "https://www.chess.com"]

[Event "Titled Tuesday Blitz March 07 Late 2023"]
[White "Sjugirov, Sanan"]
[Black "Nakamura, Hikaru"]
[WhiteFideId "4189302"]
[BlackFideId "2016192"]
[WhiteElo "2569"]
[BlackElo "2879"]
[Result "0-1"]
[Round "08"]
[TimeControl "180+2"]
[Date "2023.03.07"]
[WhiteClock "0:00:01"]
[BlackClock "0:00:37"]

1. d4 Nf6 2. c4 e6 3. Nf3 Bb4+ 4. Bd2 c5 5. Bxb4 cxb4 6. g3 b6 7. Bg2 Bb7 8. O-O a5 9. Qd3 d6 10. Nbd2 O-O 11. e4 e5 12. Ne1 Nc6 13. Nc2 Nd7 14. Rfe1 Re8 15. Nf3 Qf6 16. dxe5 Ndxe5 17. Nxe5 Nxe5 18. Qe2 Nd7 19. Ne3 Nc5 20. f3 a4 21. Red1 b3 22. a3 g6 23. Rd2 Qe6 24. Rad1 Rad8 25. Re1 f5 26. exf5 gxf5 27. Qf2 Qf6 28. Ree2 Re6 29. Bh3 Re5 30. Bf1 Rde8 31. Ng2 Rxe2 32. Bxe2 Qe5 33. Nf4 Kh8 34. Qd4 Qxd4+ 35. Rxd4 Rd8 36. Kf2 Kg7 37. Rd1 Kf6 38. h3 Ke7 39. Nd5+ Bxd5 40. Rxd5 f4 41. gxf4 Ne6 42. Ke3 Re8 43. Rh5 Kf6 44. Rh6+ Kg7 45. Rh4 Nxf4+ 46. Kxf4 Rxe2 47. Rg4+ Kh8 48. Kf5 Rxb2 49. Ke6 Rf2 50. Rg1 Rxf3 51. Kxd6 Rxh3 52. Kc6 Rc3 53. Kb5 b2 54. Rb1 Rxa3 55. Kxb6 Rb3+ 0-1


[Site "https://www.chess.com"]

[Event "Titled Tuesday Blitz March 07 Late 2023"]
[White "Keymer, Vincent"]
[Black "Firouzja, Alireza"]
[WhiteFideId "12940690"]
[BlackFideId "12573981"]
[WhiteElo "2651"]
[BlackElo "2904"]
[Result "0-1"]
[Round "08"]
[TimeControl "180+2"]
[Date "2023.03.07"]
[WhiteClock "0:00:01"]
[BlackClock "0:00:23"]

1. Nf3 Nf6 2. c4 g6 3. g3 Bg7 4. Bg2 O-O 5. Nc3 d6 6. d4 Nbd7 7. Bf4 Re8 8. O-O c6 9. h3 Qb6 10. Rb1 e5 11. dxe5 dxe5 12. Be3 Qa6 13. Nd2 Nf8 14. b4 Bf5 15. Rb3 h5 16. Kh2 e4 17. Qc1 b6 18. Bd4 N8h7 19. f3 Rad8 20. e3 exf3 21. Rxf3 Qc8 22. Rf2 h4 23. gxh4 c5 24. bxc5 bxc5 25. Bxf6 Bxf6 26. Nd5 Bxh4 27. Rf4 Bg5 28. Qc3 Bxf4+ 29. exf4 Qe6 30. Nf3 Qd6 31. Ne5 f6 32. Nf3 Be4 33. Qd2 Bxd5 34. cxd5 Qxd5 35. Qc1 Re2 36. Qf1 Qe4 0-1


[Site "https://www.chess.com"]

[Event "Titled Tuesday Blitz March 07 Late 2023"]
[White "Dardha, Daniel"]
[Black "Vachier-Lagrave, Maxime"]
[WhiteFideId "240990"]
[BlackFideId "623539"]
[WhiteElo "2581"]
[BlackElo "2740"]
[Result "0-1"]
[Round "08"]
[TimeControl "180+2"]
[Date "2023.03.07"]
[WhiteClock "0:00:36"]
[BlackClock "0:00:20"]

1. d4 Nf6 2. Bg5 c5 3. dxc5 Na6 4. Nc3 Nxc5 5. Bxf6 gxf6 6. e4 e6 7. Qf3 b6 8. O-O-O Bb7 9. Nh3 f5 10. Bd3 Bg7 11. Qg3 Bxc3 12. bxc3 fxe4 13. Qe5 Rg8 14. Be2 Qe7 15. Nf4 O-O-O 16. g3 d5 17. c4 Rg5 18. Qc3 d4 19. Rxd4 Rxd4 20. Qxd4 e5 21. Nd5 exd4 22. Nxe7+ Kd7 23. Nd5 Bxd5 24. cxd5 Rxd5 25. Kd2 Kd6 26. h4 Rf5 27. Rh2 Na4 28. Bg4 Ra5 29. f3 f5 30. Bh5 Nc3 31. fxe4 fxe4 32. Rh1 Rxh5 0-1


[Site "https://www.chess.com"]

[Event "Titled Tuesday Blitz March 07 Late 2023"]
[White "Rustemov, Alexander"]
[Black "Fedoseev, Vladimir"]
[WhiteFideId "4119002"]
[BlackFideId "24130737"]
[WhiteElo "2877"]
[BlackElo "2752"]
[Result "0-1"]
[Round "08"]
[TimeControl "180+2"]
[Date "2023.03.07"]
[WhiteClock "0:00:08"]
[BlackClock "0:00:23"]

1. d4 d5 2. c4 e6 3. Nc3 c6 4. e3 Nf6 5. Nf3 Nbd7 6. Qc2 b6 7. Bd3 Bb7 8. O-O dxc4 9. Bxc4 c5 10. Rd1 cxd4 11. Nxd4 Rc8 12. Qe2 Bb4 13. Bd2 O-O 14. Rac1 Qe7 15. a3 Bc5 16. Be1 Ne5 17. Ba6 Rfd8 18. Bxb7 Qxb7 19. Nb3 Be7 20. Rxd8+ Rxd8 21. Rd1 Rc8 22. Qb5 Nc4 23. Nd2 Nxa3 24. Qb3 Qc6 25. Ra1 b5 26. Rxa3 Bxa3 27. Qxa3 Qb6 28. Qb4 a6 29. Nb3 h6 30. Kf1 Rc4 31. Qe7 a5 32. Nd2 Rc8 33. Nce4 Nxe4 34. Nxe4 b4 35. f3 Qa6+ 36. Kf2 Rc2+ 37. Bd2 Qc8 38. Ke1 Rxb2 39. Nd6 Qf8 40. Qc7 a4 41. Nc4 Rb1+ 42. Ke2 a3 43. Qa7 Qd8 44. Ne5 Qe8 45. Qa5 b3 46. Qxa3 Qb5+ 47. Nd3 b2 48. Qa8+ Kh7 49. Qe4+ f5 50. Qxe6 Rg1 0-1


[Site "https://www.chess.com"]

[Event "Titled Tuesday Blitz March 07 Late 2023"]
[White "Samsonkin, Artiom"]
[Black "Hakobyan, Aram"]
[WhiteFideId "13503111"]
[BlackFideId "13306677"]
[WhiteElo "2524"]
[BlackElo "2563"]
[Result "1/2-1/2"]
[Round "08"]
[TimeControl "180+2"]
[Date "2023.03.07"]
[WhiteClock "0:00:14"]
[BlackClock "0:00:05"]

1. e4 g6 2. d4 Bg7 3. Nc3 c5 4. Be3 cxd4 5. Bxd4 Bxd4 6. Qxd4 Nf6 7. O-O-O Nc6 8. Qe3 d6 9. h3 O-O 10. f4 Qa5 11. Nf3 Be6 12. Kb1 Rac8 13. a3 Rfd8 14. f5 gxf5 15. exf5 Bxf5 16. Bd3 Bg6 17. g4 Ne5 18. g5 Nh5 19. Bxg6 Rxc3 20. Bxh7+ Kxh7 21. Qe4+ Ng6 22. bxc3 Ng3 23. Qc4 d5 24. Qg4 Nxh1 25. Qf5 Kg8 26. Rxh1 Qxc3 27. Rf1 Rd6 28. Nd2 Rb6+ 29. Nb3 Rxb3+ 30. cxb3 Qxb3+ 31. Ka1 Qxa3+ 32. Kb1 Qb3+ 33. Ka1 d4 34. h4 Qa3+ 35. Kb1 Qb4+ 36. Ka1 Qc3+ 37. Kb1 Qb3+ 38. Ka1 Nxh4 39. Qc8+ Kg7 40. Qc1 Ng6 41. Qd2 e5 42. Qf2 Qe6 43. Re1 Nf4 44. Rh1 Qa6+ 45. Kb1 Qb5+ 46. Ka1 Qa4+ 47. Kb1 Qb3+ 48. Ka1 Qa3+ 49. Kb1 Qd3+ 50. Ka1 Qc3+ 51. Kb1 Qb4+ 52. Ka1 Qa5+ 53. Kb1 Qb5+ 54. Ka1 Qa6+ 55. Kb1 Qc6 56. Qh2 Qg6+ 57. Ka1 Qa6+ 58. Kb1 Qb6+ 59. Ka1 Qa5+ 60. Kb1 Qb4+ 61. Ka1 Qa3+ 62. Kb1 Qb3+ 63. Ka1 Ng6 64. Qh6+ Kg8 65. Rc1 Qa3+ 66. Kb1 Qb4+ 67. Ka1 Qa4+ 68. Kb1 Qb5+ 69. Ka1 Qa5+ 70. Kb1 Qb6+ 71. Ka1 Qa6+ 72. Kb1 Qe6 73. Rh1 d3 74. Qh7+ Kf8 75. Qh6+ Ke8 76. Qg7 Qb3+ 77. Ka1 Qa3+ 78. Kb1 e4 79. Qd4 Qb3+ 80. Ka1 Qe6 81. Re1 Qa6+ 82. Kb1 Qb5+ 83. Ka1 Qa6+ 84. Kb2 Qb5+ 85. Kc1 Qc6+ 86. Kb1 Qc2+ 87. Ka1 d2 88. Rxe4+ Kf8 89. Qb4+ Kg7 90. Qd4+ Kg8 91. Re8+ Nf8 92. Rxf8+ Kxf8 93. Qd8+ Kg7 94. Qf6+ Kg8 95. Qd8+ Kh7 96. g6+ Kxg6 97. Qd6+ f6 98. Qxf6+ Kxf6 1/2-1/2


[Site "https://www.chess.com"]

[Event "Titled Tuesday Blitz March 07 Late 2023"]
[White "Bortnyk, Mykola"]
[Black "Corrales Jimenez, Fidel"]
[WhiteFideId "14120836"]
[BlackFideId "3506690"]
[WhiteElo "2582"]
[BlackElo "2541"]
[Result "1-0"]
[Round "08"]
[TimeControl "180+2"]
[Date "2023.03.07"]
[WhiteClock "0:01:28"]
[BlackClock "0:01:35"]

1. e4 c5 2. c3 Nf6 3. e5 Nd5 4. Nf3 Nc6 5. Bc4 Nb6 6. Bb3 d5 7. exd6 Qxd6 8. O-O c4 9. Bc2 Bg4 10. Re1 O-O-O 11. b3 e5 12. Na3 cxb3 13. axb3 Kb8 14. h3 Bh5 15. Be4 f6 16. d4 a6 17. Be3 Nd5 18. dxe5 Nxe5 19. Qxd5 Qxd5 20. Bxd5 Rxd5 21. Nxe5 fxe5 22. Nc4 Be7 23. Nxe5 Bf6 24. Bd4 Rhd8 25. f4 Be8 26. Bb6 Rc8 27. c4 Rd2 28. Rad1 Rb2 29. Rd3 Bxe5 30. Rxe5 Bc6 31. Rg3 g6 32. Re7 Re8 33. Rxe8+ Bxe8 34. Rd3 1-0


[Site "https://www.chess.com"]

[Event "Titled Tuesday Blitz March 07 Late 2023"]
[White "Liang, Awonder"]
[Black "Albornoz Cabrera, Carlos Daniel"]
[WhiteFideId "2056437"]
[BlackFideId "3518736"]
[WhiteElo "2508"]
[BlackElo "2501"]
[Result "1-0"]
[Round "08"]
[TimeControl "180+2"]
[Date "2023.03.07"]
[WhiteClock "0:00:06"]
[BlackClock "0:00:02"]

1. e4 c5 2. Nf3 Nc6 3. Bb5 d6 4. O-O Bd7 5. Re1 Nf6 6. c3 a6 7. Bc4 Bg4 8. d4 Bxf3 9. gxf3 g6 10. Qb3 e6 11. Bf1 Qc7 12. d5 Ne5 13. c4 g5 14. Bg2 Rg8 15. f4 gxf4 16. Bxf4 O-O-O 17. Bg3 h5 18. Nd2 Bh6 19. Nf3 Nfg4 20. h3 Nxf3+ 21. Qxf3 h4 22. Bxh4 Ne5 23. Qh5 Bf4 24. Bf6 Rg6 25. Bxd8 Qxd8 26. Kh1 Rh6 27. Qe2 Qh4 28. Rad1 Rg6 29. dxe6 fxe6 30. Rg1 Kc7 31. a3 Ng4 32. Rgf1 Nf6 33. e5 Nh5 34. Qf3 d5 35. cxd5 exd5 36. Qxd5 Kb6 37. Qxb7+ Ka5 38. b4+ Ka4 39. Qd7+ Kxa3 40. Qd3+ Ka4 41. Ra1+ Kxb4 42. Rfb1# 1-0


[Site "https://www.chess.com"]

[Event "Titled Tuesday Blitz March 07 Late 2023"]
[White "Durarbayli, Vasif"]
[Black "Naroditsky, Daniel"]
[WhiteFideId "13402935"]
[BlackFideId "2026961"]
[WhiteElo "2543"]
[BlackElo "2633"]
[Result "0-1"]
[Round "08"]
[TimeControl "180+2"]
[Date "2023.03.07"]
[WhiteClock "0:00:02"]
[BlackClock "0:00:07"]

1. e4 c5 2. Nf3 d6 3. d4 cxd4 4. Nxd4 Nf6 5. Nc3 a6 6. Be2 e5 7. Nb3 Be7 8. Be3 Be6 9. O-O O-O 10. Re1 Nbd7 11. a4 Rc8 12. a5 Re8 13. Bf3 Qc7 14. h3 Nf8 15. Nd2 Ng6 16. Nf1 h6 17. Qd2 Nh4 18. Be2 Qd7 19. Kh2 Rxc3 20. Qxc3 Nxe4 21. Qd3 d5 22. c4 Rd8 23. cxd5 Bxd5 24. Red1 Qe6 25. f3 Ng5 26. Bxg5 Bxg5 27. Qc3 e4 28. fxe4 Qxe4 29. Bf3 Nxf3+ 30. gxf3 Qe2+ 31. Kg3 Rd6 32. Re1 Bf4+ 33. Kxf4 Rf6+ 34. Qxf6 Qxf3+ 35. Ke5 gxf6+ 36. Kd6 Be6 37. Ke7 f5 38. Ne3 f4 39. Ng4 Kg7 40. Ne5 Qd5 41. Rg1+ Kh7 42. Kf6 Qd8# 0-1


[Site "https://www.chess.com"]

[Event "Titled Tuesday Blitz March 07 Late 2023"]
[White "Yu, Yangyi"]
[Black "Indjic, Aleksandar"]
[WhiteFideId "8603820"]
[BlackFideId "911925"]
[WhiteElo "2783"]
[BlackElo "2614"]
[Result "0-1"]
[Round "08"]
[TimeControl "180+2"]
[Date "2023.03.07"]
[WhiteClock "0:00:01"]
[BlackClock "0:00:08"]

1. Nf3 c5 2. c4 Nc6 3. Nc3 g6 4. e3 Bg7 5. d4 d6 6. Be2 Nf6 7. d5 Na5 8. O-O O-O 9. Rb1 e5 10. e4 b6 11. a3 Bd7 12. b4 Nb7 13. Ne1 Rc8 14. Be3 h6 15. Qd2 Kh7 16. f3 Qe7 17. Nb5 Bxb5 18. cxb5 Nh5 19. Nd3 f5 20. Rbc1 f4 21. Bf2 Bf6 22. Qe1 Ng7 23. a4 g5 24. a5 h5 25. Qd2 Qd7 26. Rc2 Nd8 27. Ra1 Nf7 28. axb6 axb6 29. Rca2 Rc7 30. Nb2 Rb7 31. Nc4 g4 32. Qd1 Nh6 33. bxc5 dxc5 34. Ra6 Qd8 35. Ra7 Rff7 36. Rxb7 Rxb7 37. fxg4 Bh4 38. Bxh4 Qxh4 39. Nxe5 Qf6 40. g5 Qxe5 41. gxh6 Kxh6 42. Ra8 Kh7 43. h3 Rf7 44. Bf3 Rf6 45. Rc8 Kh6 46. Rc6 Ne8 47. Qa4 Nd6 48. Qa8 Kg5 49. Qg8+ Rg6 50. Qd8+ Rf6 51. Kh2 Kh4 52. Rxb6 Qg5 53. Kh1 Qe5 54. Rc6 Kg3 55. Qg8+ Kf2 56. Qa8 Qb2 57. Kh2 Qb1 0-1


[Site "https://www.chess.com"]

[Event "Titled Tuesday Blitz March 07 Late 2023"]
[White "Andreikin, Dmitry"]
[Black "Maksimovic, Bojan"]
[WhiteFideId "4158814"]
[BlackFideId "14408120"]
[WhiteElo "2736"]
[BlackElo "2468"]
[Result "1-0"]
[Round "08"]
[TimeControl "180+2"]
[Date "2023.03.07"]
[WhiteClock "0:00:31"]
[BlackClock "0:00:01"]

1. Nf3 Nf6 2. c4 g6 3. b4 Bg7 4. Bb2 d6 5. g3 Nbd7 6. Bg2 O-O 7. O-O e5 8. d3 Re8 9. Nc3 c6 10. Qb3 h6 11. Rfd1 Qe7 12. Nd2 h5 13. b5 Nc5 14. Qc2 cxb5 15. Nxb5 h4 16. Ba3 h3 17. Bh1 Ng4 18. Ne4 Nxe4 19. dxe4 Qg5 20. Nc7 Be6 21. Bf3 Rac8 22. Nxe8 Rxe8 23. Bxd6 Bh6 24. Bc5 b6 25. Bxg4 Qxg4 26. f3 Qg5 27. Bf2 Rc8 28. Qa4 Rxc4 29. Qe8+ Kh7 30. Rd8 Rc1+ 31. Be1 Qe3+ 32. Kf1 Bg7 33. Rxc1 Qxc1 34. Qe7 Qc2 35. Qh4+ Bh6 36. Bd2 Qd1+ 37. Kf2 g5 38. Bxg5 1-0


[Site "https://www.chess.com"]

[Event "Titled Tuesday Blitz March 07 Late 2023"]
[White "Li, Ruifeng"]
[Black "Caruana, Fabiano"]
[WhiteFideId "2061074"]
[BlackFideId "2020009"]
[WhiteElo "2441"]
[BlackElo "2818"]
[Result "0-1"]
[Round "08"]
[TimeControl "180+2"]
[Date "2023.03.07"]
[WhiteClock "0:00:11"]
[BlackClock "0:00:13"]

1. b3 b6 2. Bb2 Bb7 3. e3 Nf6 4. Nf3 g6 5. Bxf6 exf6 6. c4 Bg7 7. Nc3 O-O 8. g3 f5 9. Bg2 Bxc3 10. dxc3 d6 11. O-O Nd7 12. Nd4 Bxg2 13. Kxg2 Ne5 14. h3 Re8 15. Nf3 Nd7 16. Nd4 Qf6 17. Qf3 Nc5 18. Qc6 Qe7 19. Nb5 Rec8 20. Rad1 Ne4 21. Rc1 a6 22. Nd4 h5 23. h4 Re8 24. Ne2 Nf6 25. Nf4 Qe4+ 26. Qxe4 Rxe4 27. Rfd1 b5 28. Nd5 Nxd5 29. cxd5 Kg7 30. Rd4 Kf6 31. c4 Ra7 32. c5 a5 33. cxd6 cxd6 34. Rc6 Rxd4 35. exd4 Ke7 36. Rb6 b4 37. Kf3 Rc7 38. Ra6 Rc3+ 39. Kg2 Rd3 40. Rxa5 Rxd4 41. Kf3 Kf6 42. Ke3 Rd1 43. Rb5 Ra1 44. Ra5 Re1+ 45. Kd2 Rf1 46. Ke2 Ra1 47. Ke3 Rd1 48. Ke2 Rd4 49. Ke3 Re4+ 50. Kd3 Re1 51. Kd2 Rf1 52. Ke2 Rh1 53. Rb5 Ra1 54. Ra5 Ke5 55. Ke3 Re1+ 56. Kd2 Ra1 57. Ke3 Re1+ 58. Kd2 Re4 59. Rb5 f4 60. Rb7 fxg3 61. fxg3 f5 62. Rg7 Rg4 63. Kd3 Kxd5 64. Ke3 Rxg3+ 65. Kf4 Rg4+ 66. Kf3 Kd4 67. Rb7 Kc3 68. Rd7 Kb2 69. Rxd6 Kxa2 70. Rd3 Rxh4 71. Rd6 Rg4 0-1


[Site "https://www.chess.com"]

[Event "Titled Tuesday Blitz March 07 Late 2023"]
[White "Pakleza, Zbigniew"]
[Black "Kamsky, Gata"]
[WhiteFideId "1119290"]
[BlackFideId "2000024"]
[WhiteElo "2410"]
[BlackElo "2666"]
[Result "1/2-1/2"]
[Round "08"]
[TimeControl "180+2"]
[Date "2023.03.07"]
[WhiteClock "0:00:07"]
[BlackClock "0:00:27"]

1. d4 Nf6 2. Nf3 g6 3. Bf4 Bg7 4. e3 d6 5. h3 O-O 6. Be2 c5 7. c3 Qb6 8. Qb3 Be6 9. Qxb6 axb6 10. a3 Bd7 11. Nbd2 Nd5 12. Bg3 b5 13. e4 Nb6 14. O-O Na4 15. Rab1 c4 16. Bd1 Nc6 17. Bc2 e5 18. dxe5 dxe5 19. Rfd1 Be6 20. Nf1 f6 21. Ne3 Rfd8 22. Kf1 Rxd1+ 23. Bxd1 Rd8 24. Ke1 Na5 25. Bxa4 bxa4 26. Rd1 Rxd1+ 27. Kxd1 b5 28. Ne1 Bh6 29. N1c2 Nb7 30. Nd5 Kf7 31. Ncb4 Nc5 32. f3 Nd3 33. Kc2 Nxb4+ 34. Nxb4 Be3 35. Kd1 h5 36. Nc2 Bc5 37. Ke2 Ke7 38. Bf2 Bd6 39. Nb4 Kd7 40. Be3 f5 41. Bf2 g5 42. Be3 f4 43. Bf2 g4 44. hxg4 hxg4 45. Bb6 g3 46. Bg1 Bxb4 47. axb4 Bf7 48. Ke1 Ke6 49. Ke2 Kd6 50. Ke1 Ke6 51. Ke2 Kd6 52. Ke1 Ke6 1/2-1/2


[Site "https://www.chess.com"]

[Event "Titled Tuesday Blitz March 07 Late 2023"]
[White "EREBUNI91"]
[Black "Bortnyk, Olexandr"]
[BlackFideId "14120828"]
[WhiteElo "2749"]
[BlackElo "2734"]
[Result "0-1"]
[Round "08"]
[TimeControl "180+2"]
[Date "2023.03.07"]
[WhiteClock "0:00:08"]
[BlackClock "0:00:29"]

1. e4 Nf6 2. e5 Nd5 3. d4 d6 4. c4 Nb6 5. exd6 exd6 6. Bd3 Be7 7. Ne2 O-O 8. Be3 Na6 9. a3 c6 10. Nbc3 d5 11. c5 Nd7 12. O-O Nc7 13. b4 Ne6 14. a4 Bf6 15. Bc2 g6 16. f4 Re8 17. Qd2 Ng7 18. f5 Nf8 19. Ng3 g5 20. Rae1 h6 21. Qd1 Bd7 22. Kh1 Qc7 23. Nh5 Nxh5 24. Qxh5 Kg7 25. h4 Nh7 26. Rf3 Re7 27. Rh3 Rae8 28. Nd1 a5 29. hxg5 Bxg5 30. Rf1 Rxe3 31. Nxe3 Rxe3 32. Rxe3 Bxe3 33. Qe2 Bg5 34. b5 cxb5 35. axb5 Nf6 36. Qe5 Qxe5 37. dxe5 Ng4 38. Re1 Bxb5 39. f6+ Kf8 40. Bf5 Ne3 41. Kg1 Nxf5 0-1


[Site "https://www.chess.com"]

[Event "Titled Tuesday Blitz March 07 Late 2023"]
[White "Deac, Bogdan-Daniel"]
[Black "Hambleton, Aman"]
[WhiteFideId "1226380"]
[BlackFideId "2606577"]
[WhiteElo "2649"]
[BlackElo "2511"]
[Result "0-1"]
[Round "08"]
[TimeControl "180+2"]
[Date "2023.03.07"]
[WhiteClock "0:00:03"]
[BlackClock "0:00:04"]

1. d4 Nf6 2. Bf4 e6 3. e3 Bd6 4. Bg5 Be7 5. c4 Ne4 6. Bxe7 Qxe7 7. a3 b6 8. Bd3 Bb7 9. Ne2 d6 10. O-O Nd7 11. f3 Nef6 12. Nbc3 O-O 13. Qe1 c5 14. Qh4 Rfe8 15. Rae1 Nf8 16. f4 cxd4 17. Nxd4 Nd5 18. Qh3 Nxc3 19. bxc3 g6 20. e4 e5 21. Ne2 exf4 22. Nxf4 Nd7 23. Qg3 Kh8 24. Bc2 Ne5 25. Bb3 Rac8 26. Qe3 Kg8 27. Qd4 Qc7 28. Kh1 Qc5 29. Qd1 Rc7 30. a4 a5 31. h3 Rce7 32. Nd5 Bxd5 33. cxd5 Qxc3 34. Re2 Qb4 35. Bc2 Rc7 36. Re3 Rc3 37. Re2 Rec8 38. Rff2 Qc5 39. Kh2 Nc4 40. Qe1 Ne5 41. Qb1 Qb4 42. Qd1 Qc4 43. Qd2 Qc5 44. Bb1 b5 45. axb5 Qxb5 46. Bc2 Qb2 47. Qd1 Qb4 48. Qa1 Ra3 49. Qf1 Rac3 50. Rd2 a4 51. Qa6 a3 52. Bd1 Rc1 53. Bg4 R8c7 54. Qa8+ Kg7 55. Qd8 f5 56. exf5 Nxg4+ 57. hxg4 Qxg4 58. f6+ Kh6 59. Rd3 R7c3 60. Qf8+ Kg5 61. Rxc3 Rxc3 62. Rf3 Qh4+ 63. Rh3 Qf4+ 0-1


[Site "https://www.chess.com"]

[Event "Titled Tuesday Blitz March 07 Late 2023"]
[White "Lenderman, Aleksandr"]
[Black "Adewumi, Tanitoluwa"]
[WhiteFideId "2021285"]
[BlackFideId "30966396"]
[WhiteElo "2607"]
[BlackElo "2746"]
[Result "1-0"]
[Round "08"]
[TimeControl "180+2"]
[Date "2023.03.07"]
[WhiteClock "0:01:04"]
[BlackClock "0:00:16"]

1. Nf3 d5 2. e3 Nf6 3. c4 c6 4. Nc3 g6 5. d4 Bg7 6. Bd3 O-O 7. O-O Bf5 8. Bxf5 gxf5 9. cxd5 Nxd5 10. Qb3 Nxc3 11. bxc3 Qb6 12. Ba3 Re8 13. Rfb1 Nd7 14. Qc2 Qa6 15. Bc1 e6 16. Bd2 Nb6 17. e4 fxe4 18. Qxe4 Qa5 19. c4 Qf5 20. Qxf5 exf5 21. c5 Nc4 22. Bc3 b5 23. cxb6 axb6 24. a4 b5 25. axb5 Rxa1 26. Bxa1 Na3 27. Rb3 Nxb5 28. Kf1 Ra8 29. Bb2 Ra2 30. Ne5 Bxe5 31. dxe5 Kf8 32. e6 fxe6 33. Be5 Ra4 34. Rh3 Kg8 35. Rg3+ Rg4 36. Rd3 Re4 37. f4 c5 38. Rd8+ Kf7 39. Rd7+ Kg6 40. Rg7+ Kh6 41. Re7 Nd4 42. Rc7 Nb3 43. Rc6 Nd4 44. Rxc5 Ne2 45. g3 Nd4 46. Rc3 Kg6 47. h3 h5 48. h4 Kh6 49. Rd3 Nc6 50. Bf6 Kg6 51. Bc3 e5 52. Rd6+ Kf7 53. Rxc6 exf4 54. Rf6+ Ke7 55. Rxf5 Re3 56. Re5+ Rxe5 57. Bxe5 fxg3 58. Bxg3 Ke6 59. Kg2 Kf5 60. Kf3 Kg6 61. Kf4 Kh6 62. Kf5 Kh7 63. Kg5 Kg7 64. Kxh5 Kg8 65. Kg6 Kh8 66. h5 Kg8 67. h6 Kh8 68. Be5+ Kg8 69. h7+ Kf8 70. h8=Q+ Ke7 71. Qf6+ Kd7 72. Qd6+ Ke8 73. Qc6+ Kf8 74. Bd6+ Kg8 75. Qc8# 1-0


[Site "https://www.chess.com"]

[Event "Titled Tuesday Blitz March 07 Late 2023"]
[White "Yoo, Christopher Woojin"]
[Black "Iliaguev, Nisim"]
[WhiteFideId "30909694"]
[BlackFideId "2817276"]
[WhiteElo "2519"]
[BlackElo "2241"]
[Result "1/2-1/2"]
[Round "08"]
[TimeControl "180+2"]
[Date "2023.03.07"]
[WhiteClock "0:00:09"]
[BlackClock "0:00:21"]

1. e4 c6 2. Nf3 d5 3. exd5 cxd5 4. Ne5 Nc6 5. Bb5 Qc7 6. d4 e6 7. O-O Bd6 8. c4 Ne7 9. Nc3 O-O 10. Bxc6 bxc6 11. Re1 dxc4 12. Ne4 Bxe5 13. dxe5 Qxe5 14. Bg5 Qc7 15. Qc1 Nd5 16. Qxc4 a5 17. Rac1 Ba6 18. Qxc6 Qxc6 19. Rxc6 h6 20. Bd2 a4 21. Bc3 Bd3 22. f3 a3 23. Nf2 Bg6 24. b3 Rfc8 25. Rxc8+ Rxc8 26. Ba5 Rc2 27. Ra1 Rb2 28. Nd1 Nf4 29. Ne3 Ne2+ 30. Kh1 Nd4 31. Nc4 Nc2 32. Nxb2 Nxa1 33. Nc4 Nc2 34. Bb6 Bd3 35. Ne5 Bb5 36. Bc5 f6 37. Ng4 e5 38. Ne3 Nxe3 39. Bxe3 Bd3 40. Bc5 Bb1 41. Bxa3 Bxa2 42. b4 Bc4 43. Kg1 Kf7 44. Kf2 Ke6 45. Ke3 Kd5 46. g4 g6 47. h4 f5 48. gxf5 gxf5 49. h5 Bb5 50. f4 e4 51. Bb2 Be8 52. Bg7 Bxh5 53. Bxh6 Be8 54. Bf8 Bb5 55. Bc5 Bc4 56. Bd4 Bb5 57. Bg7 Kc4 58. Bf8 Bc6 59. Bc5 Bd5 60. Be7 Kb5 61. Bd6 Kc6 62. Bf8 Kd7 63. Kd4 Bb3 64. b5 Kc8 65. Ke5 e3 66. Kxf5 e2 67. Bb4 Kb7 68. Ke5 Kb6 69. f5 Kxb5 70. Be1 Kc4 71. Ke4 Bc2+ 72. Ke5 Bxf5 73. Kxf5 Kd3 74. Kf4 Kc2 75. Ke3 Kd1 76. Kf2 Kc2 77. Kxe2 1/2-1/2


[Site "https://www.chess.com"]

[Event "Titled Tuesday Blitz March 07 Late 2023"]
[White "Vazquez, Guillermo"]
[Black "Timmermans, Mark"]
[WhiteFideId "3702308"]
[BlackFideId "1026399"]
[WhiteElo "2543"]
[BlackElo "2460"]
[Result "1-0"]
[Round "08"]
[TimeControl "180+2"]
[Date "2023.03.07"]
[WhiteClock "0:00:06"]
[BlackClock "0:00:03"]

1. b3 d5 2. Bb2 Bg4 3. f3 Bh5 4. h4 Qd6 5. d4 f6 6. Nh3 Nd7 7. Nc3 c6 8. Qd2 O-O-O 9. e4 e6 10. O-O-O Qc7 11. Nf4 Bf7 12. g3 g6 13. Kb1 Kb8 14. Bh3 f5 15. Rhe1 Ngf6 16. a3 Bh6 17. Qh2 Bxf4 18. gxf4 Nh5 19. e5 Rc8 20. a4 a6 21. Ba3 c5 22. dxc5 Nxc5 23. Na2 Ka8 24. Rd4 Rhd8 25. Bf1 Be8 26. Qd2 Qb6 27. a5 Qc7 28. Kb2 Ng3 29. Bg2 Bb5 30. Nc3 Qc6 31. Bb4 Nh5 32. Rd1 Rd7 33. Nxb5 Qxb5 34. Bf1 Qc6 35. Qf2 Kb8 36. c3 Rdc7 37. Rc1 b6 38. axb6 Qxb6 39. Ra1 Rb7 40. Qc2 Rcc7 41. Bxc5 Qxc5 42. Bxa6 Qxd4 43. cxd4 Rxc2+ 44. Kxc2 Rc7+ 45. Kd2 Nxf4 46. Bf1 Kc8 47. Ra8+ Kd7 48. Rh8 h5 49. Rg8 Ke7 50. Rg7+ Kd8 51. Rxc7 Kxc7 52. Ke3 g5 53. hxg5 Ng6 54. f4 h4 55. Kf3 Kb6 56. b4 Kc6 57. b5+ Kb6 58. Be2 h3 59. Kg3 Nxf4 60. Bf1 h2 61. Kxh2 Nh5 62. Kh3 Ng7 63. Kh4 Kc7 64. g6 f4 65. Kg5 Kd7 66. Kxf4 Ke7 67. b6 Kd7 68. b7 Kc7 69. Ba6 Nh5+ 70. Kg5 1-0


[Site "https://www.chess.com"]